 Dungeon Crawl Stone Soup version 0.18.1-5-g4a78601 (webtiles) character file.

3031 mopl the Destroyer (level 9, -2/45 HPs)
             Began as a Deep Elf Conjurer on May 9, 2016.
             Was an Initiate of Vehumet.
             Slain by a sheep (11 damage)
             ... on level 7 of the Dungeon.
             The game lasted 00:14:19 (6651 turns).

mopl the Destroyer (Deep Elf Conjurer)              Turns: 6651, Time: 00:14:20

Health: -2/45      AC:  2    Str:  5    XL:     9   Next: 56%
Magic:  2/23       EV: 13    Int: 24    God:    Vehumet [......]
Gold:   234        SH:  0    Dex: 15    Spells: 6 memorised, 6 levels left

rFire  . . .     SeeInvis .     a - +0 dagger (speed)
rCold  . . .     Gourm    +     k - +0 robe
rNeg   . . .     Faith    .     (no shield)
rPois  .         Spirit   .     i - -2 helmet (curse)
rElec  .         Dismiss  .     (no cloak)
rCorr  .         Reflect  .     (no gloves)
SustAt .         Harm     .     D - +0 pair of boots
MR     .....                    K - amulet of the gourmand
Stlth  ++........               (no ring)
                                (no ring)

@: not resistant to hostile enchantments, unstealthy
A: no striking features
a: Renounce Religion


You were on level 7 of the Dungeon.
You worshipped Vehumet.
Vehumet was noncommittal.
You were completely stuffed.

You visited 2 branches of the dungeon, and saw 8 of its levels.

You collected 234 gold pieces.

Inventory:

Hand Weapons
 a - a +0 dagger of speed (weapon)
 b - a +0 blowgun
Missiles
 m - 22 poisoned needles
 u - 5 silver tomahawks (quivered)
 y - 7 curare-tipped needles
 F - 21 tomahawks
Armour
 i - a cursed -2 helmet (worn)
 k - a +0 robe (worn)
 q - a +0 shield
 D - a +0 pair of boots (worn)
 O - a +0 helmet
Jewellery
 K - an amulet of the gourmand (around neck)
Wands
 E - a wand of paralysis (2/24)
 N - a wand of flame (26/48)
Scrolls
 f - a scroll of magic mapping {unknown}
 g - 3 scrolls of random uselessness {unknown}
 h - a scroll of enchant armour {unknown}
 j - a scroll of blinking {unknown}
 l - 2 scrolls of noise {unknown}
 n - 7 scrolls of teleportation {unknown}
 p - 9 scrolls of identify {unknown}
 A - a scroll of immolation {unknown}
 B - 3 scrolls of remove curse {unknown}
 L - a scroll of acquirement {unknown}
Potions
 d - 8 potions of curing {unknown}
 e - 4 potions of haste {unknown}
 o - 3 potions of heal wounds {unknown}
 r - a potion of brilliance {unknown}
 s - 3 potions of flight {unknown}
 t - 3 potions of degeneration {unknown}
 v - 2 potions of resistance {unknown}
 w - 2 potions of cure mutation {unknown}
 z - 2 potions of agility {unknown}
 J - 2 potions of berserk rage {unknown}
Books
 C - a book of Conjurations

   Spells                             Type                      Level
   a - Magic Dart                     Conjuration                  1
   b - Searing Ray                    Conjuration                  2
   c - Dazzling Spray                 Conjuration/Hexes            3
   d - Fulminant Prism                Conjuration/Hexes            4
   e - Iskenderun's Mystic Blast      Conjuration                  4
   f - Iskenderun's Battlesphere      Conjuration/Charms           5
Comestibles
 c - 4 bread rations
 x - a royal jelly
 G - a beef jerky
 H - 3 fruits
 I - a slice of pizza
 M - a meat ration
 P - 2 chunks of flesh


   Skills:
 - Level 2.4 Dodging
 - Level 2.4 Stealth
 + Level 8.9 Spellcasting
 * Level 11.0 Conjurations
 - Level 7.0 Hexes
 + Level 6.3 Charms


You had 6 spell levels left.
You knew the following spells:

 Your Spells              Type           Power        Failure   Level  Hunger
a - Magic Dart            Conj           ####         1%          1    None
b - Searing Ray           Conj           ######       1%          2    None
c - Dazzling Spray        Conj/Hex       ######..     1%          3    None
d - Iskenderun's Mystic   Conj           ######..     1%          4    ##.....
g - Iskenderun's Battles  Conj/Chrm      ######..     6%          5    ####...
h - Fulminant Prism       Conj/Hex       ######....   1%          4    ##.....


Dungeon Overview and Level Annotations

Branches:
Dungeon (7/15)             Temple (1/1) D:7

Altars:
Cheibriados
Elyvilon
Fedhas
Gozag
Kikubaaqudgha
Pakellas
Ru
Sif Muna
Vehumet
Xom
Yredelemnul

Annotations:
D:7 Psyche


Message History

The puff of flame hits you!
The sheep bellows!
The sheep closely misses you. The sheep bites you!
Evoke which item? (* to show all) (? for menu, Esc to quit)
Zapping:
E - a wand of paralysis (will waste charges)
Press: ? - help, Shift-Dir - straight line, f - sheep
Aim: a sheep (severely wounded, chance to defeat MR: 54%)
The sheep resists with significant effort.
Evoking this partially-identified wand wasted a few charges.
The sheep bites you!
* * * LOW HITPOINT WARNING * * *
Evoke which item? (* to show all) (? for menu, Esc to quit)
Zapping:
E - a wand of paralysis {zapped: 3} (will waste charges)
Press: ? - help, Shift-Dir - straight line, f/p - sheep
Aim: a sheep (severely wounded, chance to defeat MR: 54%)
The sheep resists with significant effort.
Evoking this partially-identified wand wasted a few charges.
The sheep bites you!
You die...

#.....# #.............#.........
#.#...# #...##...>...........#.#
#.....####.#.########..#..#.#.#.#
.............# #............
##########.### ##...##.##### #.#
#........... #.# ######.##### #?
### ##### #.# # #.##### ###.@.#
### ## #.#..###.###Y## .#
#......####{# ## #.......##Y## .#
+..........#### ##
#...≈≈........#
.######.....Y.....##
#..##[††.....######
###.†##.......#


You could see 2 sheep.

Vanquished Creatures
  Grinder (D:4)
  4 humans (D:7)
  The ghost of Graouh the Covered, an amateur MiFi (D:4)
  Menkaure (D:6)
  Edmund (D:4)
  An ice beast (D:5)
  3 phantoms
  2 centaurs
  2 giant frogs
  Blork the orc (D:6)
  A wyvern zombie (D:7)
  A howler monkey (D:7)
  5 crimson imps
  2 jellies
  2 orc priests
  9 orc wizards
  3 hounds
  An iguana (D:4)
  4 worker ants
  A sheep (D:7)
  7 gnolls
  8 adders
  5 shadow imps
  An ooze (D:2)
  2 adder zombies (D:6)
  An adder skeleton (D:7)
  6 worms
  5 dart slugs
  8 giant geckos
  14 orcs
  5 bats
  2 giant cockroaches (D:5)
  9 goblins
  6 hobgoblins
  10 jackals
  3 quokkas (D:3)
  A giant cockroach zombie (D:5)
  2 giant newts
  3 kobolds
  8 rats
152 creatures vanquished.

Vanquished Creatures (others)
  A manticore (D:4)
  An orc wizard (D:6)
  A worker ant (D:6)
  A sheep (D:7)
  A gnoll (D:6)
  6 fulminant prisms
11 creatures vanquished.

Grand Total: 163 creatures vanquished

Notes
Turn   | Place    | Note
--------------------------------------------------------------
     0 | D:1      | mopl the Deep Elf Conjurer began the quest for the Orb.
     0 | D:1      | Reached XP level 1. HP: 10/10 MP: 6/6
   456 | D:1      | Reached XP level 2. HP: 15/15 MP: 4/8
   498 | D:2      | Learned a level 2 spell: Searing Ray
   888 | D:1      | Reached skill level 5 in Conjurations
  1014 | D:2      | Reached XP level 3. HP: 19/19 MP: 8/10
  1033 | D:2      | Learned a level 3 spell: Dazzling Spray
  1107 | D:2      | Reached skill level 4 in Spellcasting
  1486 | D:2      | Reached XP level 4. HP: 24/24 MP: 8/12
  1498 | D:2      | Learned a level 4 spell: Iskenderun's Mystic Blast
  1790 | D:3      | Reached skill level 6 in Conjurations
  1916 | D:3      | Reached XP level 5. HP: 28/28 MP: 10/14
  2015 | D:3      | Found a white marble altar of Elyvilon.
  2027 | D:3      | Reached skill level 5 in Spellcasting
  2938 | D:4      | Learned a level 4 spell: Fulminant Prism
  2983 | D:4      | Noticed Edmund
  3037 | D:4      | Found an oddly glowing altar of Pakellas.
  3038 | D:4      | Noticed a manticore
  3042 | D:4      | Killed a manticore
  3077 | D:4      | Noticed Graouh's ghost (amateur MiFi)
  3162 | D:4      | Killed Edmund
  3162 | D:4      | Reached skill level 7 in Conjurations
  3162 | D:4      | Reached skill level 1 in Hexes
  3162 | D:4      | Reached XP level 6. HP: 9/32 MP: 2/16
  3501 | D:4      | Noticed Grinder
  3509 | D:4      | Killed Grinder
  3509 | D:4      | Reached skill level 6 in Spellcasting
  3509 | D:4      | Reached skill level 2 in Hexes
  3509 | D:4      | Reached XP level 7. HP: 36/36 MP: 7/18
  3818 | D:4      | Reached skill level 8 in Conjurations
  3853 | D:4      | Killed Graouh's ghost
  3853 | D:4      | Reached skill level 3 in Hexes
  3945 | D:5      | Entered Level 5 of the Dungeon
  4292 | D:4      | Learned a level 5 spell: Iskenderun's Battlesphere
  4487 | D:5      | Reached skill level 7 in Spellcasting
  4487 | D:5      | Reached skill level 4 in Hexes
  4487 | D:5      | Reached skill level 1 in Charms
  4527 | D:5      | Reached XP level 8. HP: 41/41 MP: 6/20
  4612 | D:5      | Reached skill level 9 in Conjurations
  4612 | D:5      | Reached skill level 2 in Charms
  5194 | D:6      | Reached skill level 3 in Charms
  5285 | D:6      | Reached skill level 5 in Hexes
  5476 | D:6      | Noticed Menkaure
  5526 | D:6      | Killed Menkaure
  5543 | D:6      | Found a shimmering altar of Xom.
  5715 | D:6      | Found an opulent altar of Gozag.
  5725 | D:6      | Reached skill level 4 in Charms
  6046 | D:6      | Noticed Blork the orc
  6050 | D:6      | Killed Blork the orc
  6050 | D:6      | Reached skill level 10 in Conjurations
  6248 | D:7      | Reached skill level 8 in Spellcasting
  6281 | D:7      | Reached XP level 9. HP: 45/45 MP: 8/23
  6294 | D:7      | Reached skill level 5 in Charms
  6302 | D:7      | Reached skill level 6 in Hexes
  6396 | D:7      | Found a staircase to the Ecumenical Temple.
  6406 | Temple   | Entered the Ecumenical Temple
  6424 | Temple   | Became a worshipper of Vehumet
  6444 | D:7      | Found a basalt altar of Yredelemnul.
  6619 | D:7      | Noticed Psyche
  6630 | D:7      | Reached skill level 6 in Charms
  6637 | D:7      | Reached skill level 7 in Hexes
  6638 | D:7      | Reached skill level 11 in Conjurations
  6651 | D:7      | Slain by a sheep

Skill      XL: |  1  2  3  4  5  6  7  8  9 |
---------------+----------------------------+-----
Conjurations   | 5 6 7 8 10 11 | 11.0
Spellcasting   | 4 5 6 7 8 |  8.9
Hexes          | 1 2 4 5 7 |  7.0
Charms         | 1 4 6 |  6.3
Dodging        | |  2.4
Stealth        | |  2.4

Action                   |  1- 3 |  4- 6 |  7- 9 || total
-------------------------+-------+-------+-------++-------
Melee: Dagger            |       |     7 |    33 ||    40
 Fire: Blowgun           |       |     2 |       ||     2
 Cast: Magic Dart        |    63 |    75 |   117 ||   255
       Searing Ray       |     2 |    12 |    15 ||    29
       Iskenderun's Myst |       |     1 |     9 ||    10
       Fulminant Prism   |       |     1 |     5 ||     6
       Dazzling Spray    |       |       |    12 ||    12
       Iskenderun's Batt |       |       |     8 ||     8
Evoke: Wand              |       |       |     2 ||     2
 Stab: Invisible         |       |       |     1 ||     1
  Eat: Chunk             |     2 |     4 |    22 ||    28
       Pizza             |       |     1 |       ||     1
Armor: Robe              |     2 |     2 |    10 ||    14
Dodge: Dodged            |     6 |    34 |    33 ||    73
